 Dungeon Crawl Stone Soup version 0.31.0-32-g396128a36d (webtiles) character file.

Game seed: 17283625245053213314

90 GiantSquids the Chopper (level 4, -9/60 (61) HPs)
             Began as a Hill Orc Berserker on Apr 19, 2024.
             Was a Believer of Trog.
             Splashed by a jelly's acid (10 damage)
             ... on level 3 of the Dungeon.
             The game lasted 00:03:14 (1247 turns).

GiantSquids the Chopper (Hill Orc Berserker)        Turns: 1247, Time: 00:03:14

HP:   -9/60 (61)    AC: -4    Str: 21    XL:     4   Next: 56%
MP:   4/4           EV: 11    Int:  7    God:    Trog [**....]
Gold: 67            SH:  0    Dex: 10    Spells: 3/3 levels left

rFire   . . .        a - +0 hand axe
rCold   . . .        (no shield)
rNeg    . . .        b - +0 animal skin
rPois   .            c - +0 helmet
rElec   .            (no cloak)
rCorr   .            (no gloves)
SInv    +            (no boots)
Will    .....        (no amulet) Stlth
                     e - ring of see invisible
HPRegen 0.30/turn    (no ring)
MPRegen 0.09/turn

%: no passive effects
@: berserking, corroded, lightly drained, very quick
A: no striking features
a: Renounce Religion, Berserk, Trog's Hand


You were on level 3 of the Dungeon.
You worshipped Trog.
Trog was pleased with you.
You visited 1 branch of the dungeon, and saw 3 of its levels.

You collected 67 gold pieces.

Inventory:

Hand Weapons
 a - a +0 hand axe (weapon)
Armour
 b - a +0 animal skin (worn)
 c - a +0 helmet (worn)
Jewellery
 e - a ring of see invisible (left hand)
Scrolls
 g - 2 scrolls of enchant weapon {unknown}
 j - a scroll of enchant armour {unknown}
 k - a scroll of immolation {unknown}
Potions
 d - 2 potions of lignification {unknown}
 f - 3 potions of enlightenment {unknown}
 h - a potion of curing {unknown}
 i - a potion of berserk rage {unknown}


   Skills:
 + Level 4.4 Fighting
 * Level 5.6 Axes
 + Level 3.1 Armour
 - Level 1.5 Dodging


You had 3 spell levels left.
You didn't know any spells.
Your spell library was empty.

Dungeon Overview and Level Annotations

Branches:
Dungeon (3/15)

Altars:
Wu Jian

Shops:
D:2 (:![[


Message History

No target in view!
No target in view!
You see here a frilled lizard corpse.
A jelly comes into view.
The jelly quivers.
A jelly is nearby!
A ball python comes into view.
The ball python hisses angrily.
A bombardier beetle comes into view.
The bombardier beetle moves out of view.
The jelly hits you but does no damage.
You hit the jelly.
Your hands burn!
The jelly is moderately wounded.
You hit the ball python.
You kill the ball python!
Trog accepts your kill. The jelly barely misses you.
You slash the jelly! The acid corrodes you!
Your hands burn!
The jelly is almost dead.
The jelly hits you.
You are splashed with acid!
You hit the jelly.
Your hands burn!
The jelly is almost dead.
The jelly closely misses you.
There are monsters nearby!
You are too injured to fight recklessly!
You are too injured to fight recklessly!
You are too injured to fight recklessly!
The jelly hits you.
You are splashed with acid!
* * * LOW HITPOINT WARNING * * *
You see here a ball python corpse.
A red film seems to cover your vision as you go berserk!
You feel yourself moving faster!
You feel mighty! The jelly hits you.
* * * LOW HITPOINT WARNING * * *
You are splashed with acid!
* * * LOW HITPOINT WARNING * * *
You feel a strong urge to attack something.
The jelly hits you.
* * * LOW HITPOINT WARNING * * *
The acid corrodes you!
You are splashed with acid!
You die...

###.#### .# #.# ...
#.# #.## #.#≈# #.###
.~.####...###### #
.~........##...# ..#
~.........#...#...#
#........J........
#........†@B......
#........$........
###.........#+##...#
#...........# #.#
#....†.###..# #
#......# #..#
#####......# #....
...........# #.....
......###### ....


You could see a bombardier beetle and a jelly.

Vanquished Creatures
  4 gnolls (D:2)
  An adder (D:2)
  2 dart slugs (D:2)
  5 endoplasms
  A giant cockroach (D:2)
  A goblin (D:3)
  A hobgoblin (D:1)
  4 jackals (D:2)
  A quokka (D:2)
  4 ball pythons
  4 bats
  A frilled lizard (D:3)
  4 kobolds
  6 rats (D:1)
39 creatures vanquished.

Notes
Turn   | Place    | Note
-------+----------+-------------------------------------------
     0 | D:1      | GiantSquids the Hill Orc Berserker began the quest for the
                  | Orb.
     0 | D:1      | Reached XP level 1. HP: 19/19 MP: 1/1
   221 | D:1      | Reached XP level 2. HP: 25/27 MP: 2/2
   544 | D:2      | Reached XP level 3. HP: 30/33 MP: 3/3
   547 | D:2      | Reached ** piety under Trog
   573 | D:2      | Found Hiupon's Book Shop.
   576 | D:2      | Found Baennulu's Antique Weapon Boutique.
   592 | D:2      | Reached skill level 5 in Axes
   659 | D:2      | Found an ornate altar of the Wu Jian Council.
   702 | D:2      | Reached XP level 4. HP: 30/40 MP: 4/4
   835 | D:2      | Found Qineogh's Distillery.
   868 | D:2      | Found Jetot's Armour Emporium.
  1061 | D:2      | Found Fotias's Armour Emporium.
  1246 | D:3      | HP: 3/60 [acid (7)]
  1247 | D:3      | HP: 1/60 [jelly (2)]
  1247 | D:3      | Splashed by a jelly's acid

Illustrated notes

Levels and vault maps discovered:
D:1:      saegor_arrival_simple_a, layout_rooms
D:2:      layout_basic, basic_altar, serial_shops, nicolae_shop_hallway_stairs,
          shop, shop, nicolae_shop_peninsula, shop
D:3:      layout_basic, serial_aquarium, aquarium_bridge_island_small
          [aquarium_subvault_small_water, aquarium_subvault_wall,
          aquarium_subvault_bridge, aquarium_subvault_bridge,
          aquarium_subvault_wall], aquarium_bridge_square
          [aquarium_subvault_bridge, aquarium_subvault_wall,
          aquarium_subvault_wall, aquarium_subvault_bridge],
          aquarium_window_fake, aquarium_window_fake, aquarium_window_fake,
          aquarium_view_2e, aquarium_balcony_3a, aquarium_pool_2,
          ebering_ecumenical_altar_ruins, supply_closet_lemuel,
          chequers_serial_rivers_micro_a, hangedman_decor_peaks_small

Skill      XL: |  1  2  3 |
---------------+----------+-----
Fighting       | 4 |  4.4
Axes           | 5 |  5.6
Armour         | 3 |  3.1
Dodging        | |  1.5

Action                     |  1- 3 |  4- 6 || total
---------------------------+-------+-------++-------
  Melee: Hand axe          |    73 |    22 ||    95
         Punch             |     1 |       ||     1
 Invoke: Berserk           |     1 |     1 ||     2
 Armour: Animal skin       |    38 |    20 ||    58
  Dodge: Dodged            |    54 |    13 ||    67
